Construct Weapon Support Center
Selects Special Operations Battlegroup
Selects M29 Weasel Recon Vehicle
Construct Medical Station
M3 Armored Personnel Carrier
Selects SSF Commando Squad
Selects Assault Operation
Selects P-47 Anti-Infantry Loiter
Selects UNKNOWN (2162291)
Improved M9 Bazooka Rockets
M18 Hellcat Tank Destroyer
P-47 Anti-Infantry Loiter
M18 Hellcat Tank Destroyer
M18 Hellcat Tank Destroyer
P-47 Anti-Infantry Loiter
M18 Hellcat Tank Destroyer
M18 Hellcat Tank Destroyer
M18 Hellcat Tank Destroyer
P-47 Anti-Infantry Loiter
P-47 Anti-Infantry Loiter